 Dungeon Crawl Stone Soup version 0.30.0-29-ga12c61a403 (webtiles) character file.

Game seed: 8936074740497936083

3 McKennaii the Conjurer (level 1, 0/14 HPs)
             Began as a Demigod Conjurer on June 5, 2023.
             Slain by a kobold
             ... wielding a +0 dagger
              (3 damage)
             ... on level 1 of the Dungeon.
             The game lasted 00:00:12 (47 turns).

McKennaii the Conjurer (Demigod Conjurer)             Turns: 47, Time: 00:00:13

Health: 0/14       AC:  2    Str:  8    XL:     1   Next: 33%
Magic:  2/5        EV: 12    Int: 20    God:
Gold:   9          SH:  0    Dex: 12    Spells: 2/3 levels left

rFire   . . .        (no weapon)
rCold   . . .        (no shield)
rNeg    . . .        a - +0 robe
rPois   .            (no helmet)
rElec   .            (no cloak)
rCorr   .            (no gloves)
SInv    .            (no boots)
Will    .....        (no amulet)
Stlth   ++           (no ring)
HPRegen 0.22/turn    (no ring)
MPRegen 0.09/turn

%: no passive effects
@: no status effects
A: high MP 1, forlorn, divine attributes
a: no special abilities


You were on level 1 of the Dungeon.
You visited 1 branch of the dungeon, and saw 1 of its levels.

You collected 9 gold pieces.

Inventory:

Armour
 a - a +0 robe (worn)
Potions
 b - a potion of magic


   Skills:
 - Level 1.7 Dodging
 - Level 1.7 Stealth
 + Level 1.9 Spellcasting
 + Level 3.7 Conjurations


You had 2 spell levels left.
You knew the following spells:

 Your Spells              Type           Power      Damage    Failure   Level
a - Magic Dart            Conj           64%        1d6       3%          1

Your spell library contained the following spells:

 Spells                   Type           Power      Damage    Failure   Level
 Searing Ray              Conj           32%        2d5       5%          2
 Dazzling Flash           Conj/Hex       18%        N/A       22%         3
 Call Canine Familiar     Summ           1%         N/A       43%         3
 Portal Projectile        Hex/Tloc       2%         N/A       43%         3
 Fulminant Prism          Conj/Hex       4%         3d5       58%         4
 Iskenderun's Mystic Bla  Conj/Tloc      9%         2d4       58%         4
 Leda's Liquefaction      Hex/Erth       0%         N/A       85%         4


Dungeon Overview and Level Annotations

Branches:
Dungeon (1/15)


Innate Abilities, Weirdness & Mutations

You have an increased reservoir of magic. (+10% MP)
You shall have no god before yourself.
Your divine heritage dramatically boosts your attributes as you level up.


Message History

The giant cockroach closely misses you.
The magic dart hits the giant cockroach.
The giant cockroach is severely wounded.
The giant cockroach barely misses you.
The magic dart hits the giant cockroach.
The giant cockroach is almost dead.
The giant cockroach bites you but does no damage.
You barely miss the giant cockroach.
The giant cockroach is almost dead.
The giant cockroach closely misses you.
The magic dart hits the giant cockroach.
You kill the giant cockroach!
You closely miss the ball python.
The ball python is heavily wounded.
The ball python bites you. The ball python barely misses you.
The magic dart hits the ball python.
You kill the ball python!
You closely miss the kobold.
The kobold hits you with a +0 short sword.
You are out of magic!
You are out of magic!
You hit the kobold but do no damage. The kobold hits you but does no damage.
You are out of magic!
Unknown command.
The kobold attacks as you move away!
The kobold hits you with a +0 short sword.
* * * LOW HITPOINT WARNING * * *
The kobold throws a stone.
The stone hits you.
* * * LOW HITPOINT WARNING * * *
You are too injured to fight recklessly!
Unknown command.
Found a stone staircase leading down.
The kobold throws a stone.
The stone closely misses you.
The kobold throws a stone.
The stone misses you.
There is a stone staircase leading down here.
The kobold shouts!
The kobold hits you with a +0 dagger.
* * * LOW HITPOINT WARNING * * *
The kobold hits you with a +0 dagger.
You die...

.# ##### .##### ...#
.#.... #.####...#
#.>.....## #.##.....#
#.##.K.#.#
#+#+#+#+#.##@..#.#
........K.##...#.###
###....####...#...###
####.## #.......†.#
#..# #...####....#
##.###...# #.#
#..##...# ###l##...#
#........#


You could see a kobold.

Vanquished Creatures
  A giant cockroach (D:1)
  2 ball pythons (D:1)
3 creatures vanquished.

Notes
Turn   | Place    | Note
-------+----------+-------------------------------------------
     0 | D:1      | McKennaii the Demigod Conjurer began the quest for the Orb.
     0 | D:1      | Reached XP level 1. HP: 14/14 MP: 5/5
    47 | D:1      | Slain by a kobold

Illustrated notes

Levels and vault maps discovered:
D:1:      scummos_arrival_simple_fountains, layout_rooms,
          minmay_rat_gold_closets

Action                     || total
---------------------------++-------
  Melee: Unarmed           ||     4
   Cast: Magic Dart        ||     6
 Armour: Robe              ||     4
  Dodge: Dodged            ||    17
